A+ EAST
AUBURN DOUBLEDAYS @ BOWLING GREEN HOT RODS
05/22/2042
 
TOP OF THE 1ST
Auburn Doubledays batting - Pitching for Bowling Green Hot Rods : RHP Juan Muñóz
Pitching: RHP Juan Muñóz
Batting: LHB David Urbina 0-0: Foul Ball, location: 25FF
0-1: Foul Ball, location: 5F
0-2: Strikes out looking
Batting: RHB Sergio Peña 0-0: Fly out, F9 (Flyball, 89D, EV 110.6 MPH)
Batting: RHB Shawn Tucker 0-0: Called Strike
0-1: Ball
1-1: Called Strike
1-2: Ball
2-2: Foul Ball, location: 2F
2-2: Fly out, F7 (Line Drive, 78M, EV 95.6 MPH)
Top of the 1st over - 0 runs, 0 hits, 0 errors, 0 left on base; Auburn 0 - Bowling Green 0
BOTTOM OF THE 1ST
Bowling Green Hot Rods batting - Pitching for Auburn Doubledays : RHP Leonardo Ybarra
Pitching: RHP Leonardo Ybarra
Batting: RHB Manny Luna 0-0: Ball
1-0: Ground out 6-3 (Groundball, 6, EV 101.9 MPH)
Batting: LHB Cisco Valdés 0-0: Foul Ball, location: 2F
0-1: SINGLE (Groundball, 6M, EV 103.1 MPH)
Batting: RHB B.J. Bushel 0-0: Called Strike
0-1: Ball
1-1: Swinging Strike
1-2: Ball
2-2: Strikes out swinging
Cisco Valdés steals 2nd base
Batter strikes out.
Batting: LHB Dan Jones 0-0: Ground out 6-3 (Groundball, 6, EV 80.0 MPH)
Bottom of the 1st over - 0 runs, 1 hit, 0 errors, 1 left on base; Auburn 0 - Bowling Green 0
TOP OF THE 2ND
Auburn Doubledays batting - Pitching for Bowling Green Hot Rods : RHP Juan Muñóz
Batting: RHB Jeremiah Guthrie 0-0: Ground out 6-3 (Groundball, 6, EV 107.5 MPH)
Batting: RHB Oliver Álvarez 0-0: Called Strike
0-1: Ball
1-1: Ball
2-1: Foul Ball, location: 2F
2-2: Foul Ball, location: 2F
2-2: Strikes out swinging
Batting: LHB David Pérez 0-0: Called Strike
0-1: Foul Ball, location: 2F
0-2: Strikes out swinging
Top of the 2nd over - 0 runs, 0 hits, 0 errors, 0 left on base; Auburn 0 - Bowling Green 0
BOTTOM OF THE 2ND
Bowling Green Hot Rods batting - Pitching for Auburn Doubledays : RHP Leonardo Ybarra
Batting: RHB Josh Duncan 0-0: Ball
1-0: Ball
2-0: Called Strike
2-1: Ball
3-1: Base on Balls
Batting: LHB Jerry Thomas 0-0: Ball
Josh Duncan steals 2nd base
1-0: Fly out, F7 (Flyball, 7S, EV 92.5 MPH)
Batting: RHB Esteban Rosas 0-0: Ball
1-0: Ball
2-0: Foul Ball, location: 2F
2-1: Swinging Strike
2-2: Ball
3-2: Ground out 3-1 (Groundball, 34, EV 91.3 MPH)
Josh Duncan to third
Batting: RHB Butch Coleman 0-0: DOUBLE (Flyball, 78XD, EV 107.5 MPH)
Josh Duncan scores
Batting: SHB J.R. Smith 0-0: Called Strike
0-1: Called Strike
0-2: Ball
1-2: Ball
2-2: Ball
3-2: Strikes out looking
Bottom of the 2nd over - 1 run, 1 hit, 0 errors, 1 left on base; Auburn 0 - Bowling Green 1
TOP OF THE 3RD
Auburn Doubledays batting - Pitching for Bowling Green Hot Rods : RHP Juan Muñóz
Batting: RHB Edgardo Rodríguez 0-0: Ball
1-0: Foul Ball, location: 7LMF
1-1: Called Strike
1-2: Strikes out swinging
Batting: RHB Raúl Melgareho 0-0: Ball
1-0: Foul Ball, location: 9LSF
1-1: Foul Ball, location: 5SF
1-2: Ground out 5-3 (Groundball, 56, EV 94.4 MPH)
Batting: RHB Héctor Tovar 0-0: Fly out, F8 (Flyball, 8RD, EV 100.0 MPH)
Top of the 3rd over - 0 runs, 0 hits, 0 errors, 0 left on base; Auburn 0 - Bowling Green 1
BOTTOM OF THE 3RD
Bowling Green Hot Rods batting - Pitching for Auburn Doubledays : RHP Leonardo Ybarra
Batting: RHB Manny Luna 0-0: Foul Ball, location: 5FF
0-1: TRIPLE (Line Drive, 78XD, EV 110.6 MPH)
Pinch Runner at 3rd Dave Hicks:
Batting: LHB Cisco Valdés 0-0: Fly out, F8 (Line Drive, 8LM, EV 87.5 MPH)
Runner from 3rd tags up, SCORES, throw by CF
Batting: RHB B.J. Bushel 0-0: Ball
1-0: Called Strike
1-1: Ball
2-1: Ball
3-1: Base on Balls
Batting: LHB Dan Jones 0-0: Fly out, F6 (Popup, 4MS, EV 71.3 MPH)
Batting: RHB Josh Duncan 0-0: Ball
1-0: Fly out, F7 (Flyball, 78S, EV 87.5 MPH)
Bottom of the 3rd over - 1 run, 1 hit, 0 errors, 1 left on base; Auburn 0 - Bowling Green 2
TOP OF THE 4TH
Auburn Doubledays batting - Pitching for Bowling Green Hot Rods : RHP Juan Muñóz
Now in LF: Dave Hicks
Now in CF: Josh Duncan
Batting: LHB David Urbina 0-0: Ball
1-0: Ball
2-0: Foul Ball, location: 2F
2-1: Foul Ball, location: 7LDF
2-2: Ground out 4-3 (Groundball, 4, EV 88.1 MPH)
Batting: RHB Sergio Peña 0-0: Called Strike
0-1: Foul Ball, location: 2F
0-2: Strikes out swinging
Batting: RHB Shawn Tucker 0-0: Ball
1-0: Foul Ball, location: 5FF
1-1: Ball
2-1: SINGLE (Line Drive, 6MD, EV 110.0 MPH)
Batting: RHB Jeremiah Guthrie 0-0: Swinging Strike
0-1: Swinging Strike
0-2: Strikes out swinging
Top of the 4th over - 0 runs, 1 hit, 0 errors, 1 left on base; Auburn 0 - Bowling Green 2
BOTTOM OF THE 4TH
Bowling Green Hot Rods batting - Pitching for Auburn Doubledays : RHP Leonardo Ybarra
Batting: LHB Jerry Thomas 0-0: Ball
1-0: Fly out, F7 (Line Drive, 78M, EV 97.5 MPH)
Batting: RHB Esteban Rosas 0-0: Ball
1-0: Ball
2-0: Swinging Strike
2-1: Swinging Strike
2-2: Foul Ball, location: 7LDF
2-2: Fly out, F8 (Line Drive, 8LM, EV 100.0 MPH)
Batting: RHB Butch Coleman 0-0: Called Strike
0-1: DOUBLE (Line Drive, 7LM, EV 104.4 MPH)
Batting: SHB J.R. Smith 0-0: Ball
1-0: Ball
2-0: Ball
3-0: Base on Balls
Batting: LHB Dave Hicks 0-0: Ball
1-0: Ball
2-0: Swinging Strike
2-1: Fly out, F7 (Flyball, 78M, EV 100.6 MPH)
Bottom of the 4th over - 0 runs, 1 hit, 0 errors, 2 left on base; Auburn 0 - Bowling Green 2
TOP OF THE 5TH
Auburn Doubledays batting - Pitching for Bowling Green Hot Rods : RHP Juan Muñóz
Batting: RHB Oliver Álvarez 0-0: Ball
1-0: Ball
2-0: Swinging Strike
2-1: Foul Ball, location: 5F
2-2: Ball
3-2: Base on Balls
Batting: LHB David Pérez 0-0: Foul Ball, location: 2F
0-1: Called Strike
0-2: Ball
1-2: Ball
2-2: Ball
3-2: Grounds into double play, 4-6-3 (Groundball, 4, EV 87.5 MPH)
Batting: RHB Edgardo Rodríguez 0-0: Ball
1-0: Called Strike
1-1: Foul Ball, location: 2F
1-2: Ball
2-2: Foul Ball, location: 2F
2-2: Ball
3-2: Foul Ball, location: 9LMF
3-2: DOUBLE (Line Drive, 89D, EV 108.1 MPH)
Batting: RHB Raúl Melgareho 0-0: Called Strike
0-1: Ball
1-1: Ball
2-1: Foul Ball, location: 9LMF
2-2: Ball
3-2: Base on Balls
Batting: RHB Héctor Tovar 0-0: Called Strike
0-1: Ball
1-1: Swinging Strike
1-2: SINGLE (Groundball, 6M, EV 99.4 MPH)
Edgardo Rodríguez to third
Raúl Melgareho to second
Runner from 3rd tries for Home, SAFE, throw by CF to home
Batting: LHB David Urbina 0-0: Called Strike
0-1: Foul Ball, location: 2F
0-2: Strikes out swinging
Top of the 5th over - 1 run, 2 hits, 0 errors, 2 left on base; Auburn 1 - Bowling Green 2
BOTTOM OF THE 5TH
Bowling Green Hot Rods batting - Pitching for Auburn Doubledays : RHP Leonardo Ybarra
Batting: LHB Cisco Valdés 0-0: SINGLE (Line Drive, 7S, EV 95.6 MPH)
Batting: RHB B.J. Bushel 0-0: Ball
1-0: 2-RUN HOME RUN (Flyball, 9LD, EV 91.3 MPH), Distance : 352 ft
Batting: LHB Dan Jones 0-0: Swinging Strike
0-1: Foul Ball, location: 5FF
0-2: Ground out 3-1 (Groundball, 34, EV 94.4 MPH)
Batting: RHB Josh Duncan 0-0: Called Strike
0-1: Ball
1-1: Swinging Strike
1-2: Strikes out swinging
Batting: LHB Jerry Thomas 0-0: SINGLE (Groundball, 4M, EV 78.1 MPH) (infield hit)
Batting: RHB Esteban Rosas 0-0: Swinging Strike
0-1: Called Strike
0-2: Ball
1-2: Ball
2-2: Ball
3-2: Fly out, F7 (Flyball, 7, EV 93.1 MPH)
Bottom of the 5th over - 2 runs, 3 hits, 0 errors, 1 left on base; Auburn 1 - Bowling Green 4
TOP OF THE 6TH
Auburn Doubledays batting - Pitching for Bowling Green Hot Rods : RHP Juan Muñóz
Batting: RHB Sergio Peña 0-0: Foul Ball, location: 2F
0-1: Ball
1-1: Called Strike
1-2: Ball
2-2: Strikes out swinging
Batting: RHB Shawn Tucker 0-0: Ball
1-0: Ball
2-0: Ball
3-0: Called Strike
3-1: Called Strike
3-2: Foul Ball, location: 3SF
3-2: Strikes out swinging
Batting: RHB Jeremiah Guthrie 0-0: Called Strike
0-1: Foul Ball, location: 9LDF
0-2: Strikes out swinging
Top of the 6th over - 0 runs, 0 hits, 0 errors, 0 left on base; Auburn 1 - Bowling Green 4
BOTTOM OF THE 6TH
Bowling Green Hot Rods batting - Pitching for Auburn Doubledays : RHP Leonardo Ybarra
Batting: RHB Butch Coleman 0-0: Ball
1-0: Ball
2-0: Fly out, F6 (Popup, 6MS, EV 76.3 MPH)
Batting: SHB J.R. Smith 0-0: Ball
1-0: Called Strike
1-1: Foul Ball, location: 9LDF
1-2: Ball
2-2: Strikes out swinging
Batting: LHB Dave Hicks 0-0: Swinging Strike
0-1: Swinging Strike
0-2: Foul Ball, location: 2F
0-2: Ball
1-2: Foul Ball, location: 2F
1-2: Strikes out swinging, 2-3 out at first.
Bottom of the 6th over - 0 runs, 0 hits, 0 errors, 0 left on base; Auburn 1 - Bowling Green 4
TOP OF THE 7TH
Auburn Doubledays batting - Pitching for Bowling Green Hot Rods : RHP Juan Muñóz
Batting: RHB Oliver Álvarez 0-0: Called Strike
0-1: Foul Ball, location: 2F
0-2: Strikes out swinging
Batting: LHB David Pérez 0-0: Ball
1-0: Ball
2-0: Called Strike
2-1: Called Strike
2-2: Strikes out swinging
Batting: RHB Edgardo Rodríguez 0-0: Ball
1-0: Ball
2-0: Called Strike
2-1: Called Strike
2-2: Ball
3-2: Strikes out swinging
Top of the 7th over - 0 runs, 0 hits, 0 errors, 0 left on base; Auburn 1 - Bowling Green 4
BOTTOM OF THE 7TH
Bowling Green Hot Rods batting - Pitching for Auburn Doubledays : RHP Leonardo Ybarra
Pitching: RHP António Caballero
Batting: LHB Cisco Valdés 0-0: Called Strike
0-1: Ball
1-1: Ball
2-1: Foul Ball, location: 7LDF
2-2: Ground out 4-3 (Groundball, 4, EV 88.1 MPH)
Batting: RHB B.J. Bushel 0-0: Fly out, F7 (Line Drive, 7S, EV 104.4 MPH)
Batting: LHB Dan Jones 0-0: Ball
1-0: Ball
2-0: DOUBLE (Line Drive, 9LM, EV 98.1 MPH)
Batting: RHB Josh Duncan 0-0: Called Strike
0-1: Ball
1-1: Called Strike
1-2: 2-RUN HOME RUN (Flyball, 9D, EV 95.0 MPH), Distance : 366 ft
Batting: LHB Jerry Thomas 0-0: Ball
1-0: Swinging Strike
1-1: Ball
2-1: Swinging Strike
2-2: Foul Ball, location: 5F
2-2: Foul Ball, location: 5FF
2-2: Ball
3-2: Foul Ball, location: 3F
3-2: Foul Ball, location: 7LMFF
3-2: Foul Ball, location: 7LMF
3-2: Base on Balls
Batting: RHB Esteban Rosas 0-0: Called Strike
0-1: Called Strike
0-2: Strikes out looking
Bottom of the 7th over - 2 runs, 2 hits, 0 errors, 1 left on base; Auburn 1 - Bowling Green 6
TOP OF THE 8TH
Auburn Doubledays batting - Pitching for Bowling Green Hot Rods : RHP Juan Muñóz
Pitching: LHP Ben McFadden
Batting: RHB Raúl Melgareho 0-0: Called Strike
0-1: Ball
1-1: Fly out, F4 (Popup, 4M, EV 73.1 MPH)
Batting: RHB Héctor Tovar 0-0: Ball
1-0: Ball
2-0: Called Strike
2-1: Ball
3-1: Foul Ball, location: 2LF
3-2: Strikes out swinging
Pinch Hitting: RHB Matt Conroy 0-0: Foul Ball, location: 3FF
0-1: Ball
1-1: Fly out, F8 (Flyball, 8RM, EV 90.0 MPH)
Top of the 8th over - 0 runs, 0 hits, 0 errors, 0 left on base; Auburn 1 - Bowling Green 6
BOTTOM OF THE 8TH
Bowling Green Hot Rods batting - Pitching for Auburn Doubledays : RHP António Caballero
Now at SS: Bernie Caine
Batting: RHB Butch Coleman 0-0: Called Strike
0-1: Called Strike
0-2: Strikes out swinging
Batting: SHB J.R. Smith 0-0: Ball
1-0: Called Strike
1-1: SINGLE (Line Drive, 78S, EV 86.3 MPH)
Batting: LHB Dave Hicks 0-0: Ball
1-0: Ball
2-0: Called Strike
2-1: Ball
3-1: Foul Ball, location: 7LSF
3-2: Foul Ball, location: 7LDF
3-2: 2-RUN HOME RUN (Flyball, 78XD, EV 100.6 MPH), Distance : 427 ft
Batting: LHB Cisco Valdés 0-0: Called Strike
0-1: Ball
1-1: Ball
2-1: Ball
3-1: Base on Balls
Batting: RHB B.J. Bushel 0-0: Ball
1-0: Ball
2-0: Swinging Strike
2-1: Foul Ball, location: 2F
2-2: Ball
3-2: Foul Ball, location: 9LSF
3-2: SINGLE (Groundball, 23, EV 72.5 MPH) (infield hit)
Cisco Valdés to second
Pitching: LHP Jesús Lara
Batting: LHB Dan Jones 0-0: Ball
1-0: Ball
2-0: Ball
3-0: Called Strike
3-1: Base on Balls
Cisco Valdés to third
B.J. Bushel to second
Batting: RHB Josh Duncan 0-0: Ball
1-0: Ball
2-0: Called Strike
2-1: Foul Ball, location: 9LSF, Error on foul ball, E9
2-2: Grounds into fielders choice 3-2 (Groundball, 34S, EV 83.8 MPH)
B.J. Bushel to third
Dan Jones to second
Batting: LHB Jerry Thomas 0-0: Hit by Pitch
B.J. Bushel scores
Dan Jones to third
Josh Duncan to second
Batting: RHB Esteban Rosas 0-0: Foul Ball, location: 5F
0-1: Ball
1-1: Called Strike
1-2: DOUBLE (Line Drive, 9LM, EV 100.6 MPH)
Dan Jones scores
Josh Duncan scores
Jerry Thomas to third
Runner from 3rd tries for Home, throw by RF and OUT! 9-4-2
Bottom of the 8th over - 5 runs, 4 hits, 1 error, 1 left on base; Auburn 1 - Bowling Green 11
TOP OF THE 9TH
Auburn Doubledays batting - Pitching for Bowling Green Hot Rods : LHP Ben McFadden
Batting: RHB Sergio Peña 0-0: Ball
1-0: Ball
2-0: Ball
3-0: Base on Balls
Pinch Hitting: RHB Theron Starks 0-0: Called Strike
0-1: Swinging Strike
0-2: Ball
1-2: Strikes out swinging
Pinch Hitting: RHB Sam Dunn 0-0: Ball
1-0: Swinging Strike
1-1: Called Strike
1-2: Strikes out swinging
Batting: RHB Oliver Álvarez 0-0: Called Strike
0-1: Ball
1-1: DOUBLE (Line Drive, 9LS, EV 87.5 MPH)
Sergio Peña to third
Batting: LHB David Pérez 0-0: Foul Ball, location: 5FF
0-1: Swinging Strike
0-2: Strikes out looking
Top of the 9th over - 0 runs, 1 hit, 0 errors, 2 left on base; Auburn 1 - Bowling Green 11
Friday, May 3rd , 2024 - OOTP Baseball 24.10 Build 82